 Dungeon Crawl Stone Soup version 0.20.1-1-g8b1a95d66d (webtiles) character file.

30 Ivernyr the Ogre Mage (level 3, 0/31 HPs)
             Began as an Ogre Wizard on Dec 4, 2017.
             Slain by a hobgoblin
             ... wielding a +0 club
              (4 damage)
             ... on level 2 of the Dungeon.
             The game lasted 00:05:26 (1448 turns).

Ivernyr the Ogre Mage (Ogre Wizard)                 Turns: 1448, Time: 00:05:27

Health: 0/31       AC:  3    Str: 11    XL:     3   Next: 20%
Magic:  0/8        EV: 10    Int: 20    God:
Gold:   93         SH:  0    Dex:  7    Spells: 1/10 levels left

rFire    . . .     SeeInvis .   (no weapon)
rCold    . . .     Gourm    .   (no shield)
rNeg     . . .     Faith    .   a - +0 robe
rPois    .         Spirit   .   b - +0 hat
rElec    .         Reflect  .   (no cloak)
rCorr    .         Harm     .   (gloves unavailable)
MR       .....                  (boots unavailable)
Stlth    +.........             (no amulet)
Regen    0.1/turn               (no ring)
MPRegen  0.2/turn               (no ring)

@: no status effects
A: unfitting armour, tough skin 1
a: no special abilities


You were on level 2 of the Dungeon.
You were hungry.

You visited 1 branch of the dungeon, and saw 2 of its levels.

You collected 93 gold pieces.

Inventory:

Armour
 a - a +0 robe (worn)
 b - a +0 hat (worn)
Scrolls
 i - a scroll of remove curse {unknown}
 j - a scroll of identify {unknown}
Potions
 e - a potion of mutation {unknown}
 g - 2 potions of heal wounds {unknown}
 h - 4 potions of curing {unknown}
Books
 c - a book of Minor Magic

   Spells                             Type                      Level
   a - Magic Dart                     Conjuration                  1
   b - Blink                          Translocation                2
   c - Call Imp                       Summoning                    2
   d - Slow                           Hexes                        2
   e - Conjure Flame                  Conjuration/Fire             3
   f - Mephitic Cloud                 Conjuration/Poison/Air       3
Comestibles
 d - a bread ration
 f - a royal jelly


   Skills:
 + Level 0.0 Fighting
 - Level 2.0 Dodging
 - Level 1.4 Stealth
 * Level 4.2 Spellcasting
 + Level 1.8 Conjurations
   Level 0.8 Summonings
 - Level 0.8 Translocations


You had one spell level left.
You knew the following spells:

 Your Spells              Type           Power        Failure   Level  Hunger
a - Magic Dart            Conj           ##..         6%          1    None
b - Blink                 Tloc           N/A          13%         2    #......
c - Conjure Flame         Conj/Fire      #.......     26%         3    ###....
d - Mephitic Cloud        Conj/Pois/Air  #.......     28%         3    ###....


Dungeon Overview and Level Annotations

Branches:
Dungeon (2/15)

Altars:


Innate Abilities, Weirdness & Mutations

You are too large for most types of armour.
You have tough skin. (AC +1)


Message History

The hobgoblin hits you but does no damage.
You hit the hobgoblin but do no damage.
The hobgoblin is almost dead.
The hobgoblin barely misses you.
You hit the hobgoblin but do no damage.
The hobgoblin is almost dead.
The hobgoblin hits you with a club.
* * * LOW HITPOINT WARNING * * *
You hit the hobgoblin but do no damage.
The hobgoblin is almost dead.
The hobgoblin barely misses you.
Casting: Magic Dart
Confirm with . or Enter, or press ? or * to list all spells.
Aiming: Magic Dart
Press: ? - help, Shift-Dir - straight line, f/p - hobgoblin
Aim: a hobgoblin, wielding a club and wearing a chain mail (almost dead)
The magic dart hits the hobgoblin.
The hobgoblin is almost dead.
The hobgoblin hits you with a club.
You die...

............#..#
##.##.# #
...............#
...##.# .
..............######
#..##.# #
#########'#........#
#..##.#
#.#..#####.###..##.#
#.#..#..........##.#
#.#..#.<#.####.###)#
#.#..####.# #.....#
#.#..g@...# #######
#.#.####### #.#.#
#.#(# #.#.# #.#.#
#.#.# #...# #.###


You could see a hobgoblin.

Vanquished Creatures
  An ooze (D:2)
  A worm (D:2)
  A leopard gecko (D:1)
  A giant cockroach (D:1)
  4 goblins
  5 hobgoblins
  4 kobolds
  A bat (D:2)
  2 frilled lizards
20 creatures vanquished.

Notes
Turn   | Place    | Note
-------+----------+-------------------------------------------
     0 | D:1      | Ivernyr the Ogre Wizard began the quest for the Orb.
     0 | D:1      | Reached XP level 1. HP: 16/16 MP: 5/5
    40 | D:1      | Reached skill level 1 in Conjurations
   250 | D:1      | Reached XP level 2. HP: 24/24 MP: 3/6
   282 | D:1      | Learned a level 2 spell: Blink
   792 | D:2      | Reached skill level 4 in Spellcasting
  1061 | D:2      | Reached XP level 3. HP: 13/31 MP: 0/8
  1293 | D:2      | Learned a level 3 spell: Conjure Flame
  1297 | D:2      | Learned a level 3 spell: Mephitic Cloud
  1448 | D:2      | Slain by a hobgoblin

Skill      XL: |  1  2 |
---------------+-------+-----
Conjurations   | 1 |  1.8
Spellcasting   | 4 |  4.2
Dodging        | 2 |  2.0
Stealth        | |  1.4
Summonings     | |  0.8
Translocations | |  0.8

Action                   || total
-------------------------++-------
Melee: Unarmed           ||    47
 Cast: Magic Dart        ||    69
  Eat: Chunk             ||     1
Armor: Robe              ||    11
Dodge: Dodged            ||    20
